 Dungeon Crawl Stone Soup version 0.31-a0-14-gc80a10f4b6 (webtiles) character file.

Game seed: 7022516372905010658

406 CowFu the Skirmisher (level 7, -2/38 HPs)
             Began as a Kobold Hexslinger on May 7, 2023.
             Was an Initiate of Hepliaklqana.
             Slain by a river rat (6 damage)
             ... on level 4 of the Dungeon.
             The game lasted 00:06:16 (2634 turns).

CowFu the Skirmisher (Kobold Hexslinger)            Turns: 2634, Time: 00:06:17

Health: -2/38      AC:  7    Str:  7    XL:     7   Next: 12%
Magic:  8/8        EV: 15    Int: 14    God:    Hepliaklqana [......]
Gold:   137        SH:  0    Dex: 18    Spells: 7/8 levels left

rFire   . . .        b - +1 short sword (speed)
rCold   . . .        (no shield)
rNeg    . . .        c - +0 robe
rPois   .            e - +2 helmet
rElec   .            p - +1 cloak
rCorr   .            (no gloves)
SInv    .            (no boots)
Will    .....        (no amulet)
Stlth   +++          (no ring)
HPRegen 0.26/turn    (no ring)
MPRegen 0.11/turn

%: no passive effects
@: no status effects
A: small, no large weapons, nightstalker 3
a: Renounce Religion


You were on level 4 of the Dungeon.
You worshipped Hepliaklqana.
Hepliaklqana was noncommittal.
You visited 1 branch of the dungeon, and saw 4 of its levels.

You collected 137 gold pieces.

Inventory:

Hand Weapons
 a - a +1 sling
 b - a +1 short sword of speed (weapon)
 v - a +0 long sword of electrocution
Armour
 c - a +0 robe (worn)
 e - a +2 helmet (worn)
 p - a +1 cloak (worn)
Jewellery
 t - a ring of ice
Wands
 i - a wand of roots (10)
 r - a wand of mindburst (19) (quivered)
Scrolls
 f - a scroll of immolation
 g - a scroll of poison
 h - 2 scrolls of silence
 q - a scroll of brand weapon {unknown}
 u - a scroll of summoning {unknown}
Potions
 k - a potion of flight
 l - a potion of mutation
 o - 2 potions of degeneration {unknown}
 s - a potion of magic {unknown}
 w - a potion of curing {unknown}


   Skills:
 - Level 1.1 Fighting
 + Level 9.4 Ranged Weapons
 - Level 2.4 Dodging
 - Level 1.1 Spellcasting
 - Level 3.0 Hexes


You had 7 spell levels left.
You knew the following spells:

 Your Spells              Type           Power      Damage    Failure   Level
a - Slow                  Hex            36%        N/A       8%          1

Your spell library contained the following spells:

 Spells                   Type           Power      Damage    Failure   Level
 Sting                    Tmut/Pois      0%         1d3       26%         1
 Poisonous Vapours        Pois/Air       0%         N/A       36%         2
 Inner Flame              Hex/Fire       4%         N/A       38%         3
 Portal Projectile        Hex/Tloc       8%         N/A       38%         3
 Cause Fear               Hex            4%         N/A       58%         4
 Leda's Liquefaction      Hex/Erth       2%         N/A       80%         4
 Olgreb's Toxic Radiance  Pois           0%         N/A       95%         4
 Lee's Rapid Deconstruct  Erth           0%         3d4*      100%        5
 Statue Form              Tmut/Erth      0%         N/A       100%        6


Dungeon Overview and Level Annotations

Branches:
Dungeon (4/15)
 Temple: D:4-7

Altars:
Fedhas
Hepliaklqana
Nemelex Xobeh

Portals:
Sewer: D:4


Innate Abilities, Weirdness & Mutations

You are small and have problems with some larger weapons.
You are completely attuned to the shadows.


Message History

You are too injured to fight recklessly!
You are too injured to fight recklessly!
You are too injured to fight recklessly!
You are too injured to fight recklessly!
You are too injured to fight recklessly!
You are too injured to fight recklessly!
You are too injured to fight recklessly!
You are too injured to fight recklessly!
You are too injured to fight recklessly!
You are too injured to fight recklessly!
You are too injured to fight recklessly!
You are too injured to fight recklessly!
You barely miss the rat. The rat bites you but does no damage.
The river rat closely misses you. The river rat barely misses you.
You enter the shallow water.
Moving in this stuff is going to be slow.
The river rat closely misses you.
You hear the brisk rusting of a drain.
The river rat bites you.
* * * LOW HITPOINT WARNING * * *
The river rat bites you.
* * * LOW HITPOINT WARNING * * *
The river rat completely misses you.
You enter the shallow water.
Moving in this stuff is going to be slow.
The rat attacks as you move away! The rat barely misses you.
The river rat bites you but does no damage.
The rat attacks as you move away!
The rat splashes around in the water.
The river rat attacks as you move away! The river rat bites you.
* * * LOW HITPOINT WARNING * * *
The river rat twitches its whiskers.
The river rat bites you but does no damage.
There is an open door here.
You enter the shallow water.
Moving in this stuff is going to be slow.
The river rat bites you.
* * * LOW HITPOINT WARNING * * *
There is a glowing drain here.
The river rat bites you.
You die...

##......#
#..#######
#........#
#.~......#
#~~r~~...#
#~~r~r...#
#r###~...#
#~r~#~~~.#
#~@~#~~~.#
#~~~'†.~.#
##########


You could see 2 river rats.

Vanquished Creatures
  A water moccasin (D:3)
  A phantom (D:4)
  An orc priest (D:3)
  A jelly (D:4)
  5 adders
  3 river rats (D:4)
  An ufetubus (D:4)
  A worm (D:2)
  A dart slug (D:1)
  7 orcs (D:3)
  9 bats
  4 endoplasms
  3 giant cockroaches
  8 hobgoblins
  3 jackals (D:3)
  2 quokkas (D:3)
  2 ball pythons
  3 frilled lizards
  7 goblins
  10 kobolds
  8 rats
81 creatures vanquished.

Notes
Turn   | Place    | Note
-------+----------+-------------------------------------------
     0 | D:1      | CowFu the Kobold Hexslinger began the quest for the Orb.
     0 | D:1      | Reached XP level 1. HP: 12/12 MP: 2/2
   109 | D:1      | Reached skill level 3 in Ranged Weapons
   143 | D:1      | Reached XP level 2. HP: 16/16 MP: 3/3
   301 | D:1      | Reached skill level 4 in Ranged Weapons
   518 | D:1      | Reached XP level 3. HP: 20/20 MP: 4/4
   612 | D:1      | Reached skill level 5 in Ranged Weapons
   890 | D:2      | Reached XP level 4. HP: 25/25 MP: 5/5
  1453 | D:3      | Reached skill level 6 in Ranged Weapons
  1524 | D:3      | Found a sparkling altar of Nemelex Xobeh.
  1545 | D:3      | Reached XP level 5. HP: 21/29 MP: 6/6
  1707 | D:3      | Found a hazy altar of Hepliaklqana.
  1777 | D:3      | Became a worshipper of Hepliaklqana the Forgotten
  1810 | D:3      | Found a blossoming altar of Fedhas.
  1812 | D:3      | Noticed a water moccasin
  1818 | D:3      | Killed a water moccasin
  1819 | D:3      | Reached skill level 8 in Ranged Weapons
  1819 | D:3      | Reached XP level 6. HP: 28/34 MP: 7/7
  1876 | D:3      | Found a faded altar of an unknown god.
  2465 | D:4      | Reached skill level 9 in Ranged Weapons
  2491 | D:4      | Reached XP level 7. HP: 38/38 MP: 8/8
  2550 | D:4      | Found a glowing drain.
  2634 | D:4      | Slain by a river rat

Illustrated notes

Levels and vault maps discovered:
D:1:      minmay_arrival_nine_rooms, layout_basic
D:2:      minmay_recursive_quarters, layout_rooms, kennysheep_generic_room_14
D:3:      layout_loops_cross, marbit_many_paths, mainiacjoe_overflow_24_doors,
          mainiacjoe_overflow_small_starburst, shapermc_ecumenical_altar_petra,
          serial_park_tiny_1, grunt_ministairs_3, minmay_ruptured
D:4:      layout_loops_ring, grunt_temple_overflow_order_and_chaos_1,
          dancing_weapons_uskayaw, gammafunk_ghost_mausoleum,
          portal_sewer_entry_e, kennysheep_small_circle

Skill      XL: |  1  2  3  4  5  6 |
---------------+-------------------+-----
Ranged Weapons | 3 4 5 6 8 9 |  9.4
Fighting       | |  1.1
Dodging        | |  2.4
Spellcasting   | |  1.1
Hexes          | |  3.0

Action                     |  1- 3 |  4- 6 |  7- 9 || total
---------------------------+-------+-------+-------++-------
  Melee: Long sword        |     9 |    40 |       ||    49
         Short sword       |       |     8 |    88 ||    96
         Punch             |       |       |     2 ||     2
   Fire: Sling             |    86 |    69 |       ||   155
   Cast: Slow              |     8 |     7 |       ||    15
    Use: Scroll            |       |     6 |       ||     6
         Potion            |       |       |     3 ||     3
   Stab: Sleeping          |       |     5 |       ||     5
 Armour: Robe              |     7 |    33 |    37 ||    77
  Dodge: Dodged            |    43 |    71 |   124 ||   238

Table legend: (Time is in decaauts)
 A = Elapsed time spent in this place.
 B = Non-inter-level travel time spent in this place.
 C = Inter-level travel time spent in this place.
 D = Time resting spent in this place.
 E = Time spent auto-exploring this place.
 F = Levels seen in this place.
 G = Mean time per level.
                   A        B        C        D        E       F      G
               +--------+--------+--------+--------+--------+-----+--------+
         Total |   2646 |   2581 |     65 |      0 |   1956 |   4 |  661.5 |
       Dungeon |   2646 |   2581 |     65 |      0 |   1956 |   4 |  661.5 |
               +--------+--------+--------+--------+--------+-----+--------+

Top non-repeatable levels by time:
     D:3: 1002 daAuts
     D:2: 729 daAuts
     D:1: 649 daAuts
     D:4: 265 daAuts
